 Dungeon Crawl Stone Soup version 0.22-a0-825-ga28c36f (webtiles) character file.

311 inc the Skirmisher (level 6, 0/68 HPs)
             Began as an Ogre Gladiator on July 24, 2018.
             Killed from afar by Dowan (9 damage)
             ... with a stone arrow
             ... on level 4 of the Dungeon.
             The game lasted 00:02:21 (2462 turns).

inc the Skirmisher (Ogre Gladiator)                 Turns: 2462, Time: 00:02:22

Health: 0/68       AC:  3    Str: 21    XL:     6   Next: 42%
Magic:  6/6        EV: 10    Int:  9    God:
Gold:   138        SH:  0    Dex: 10    Spells: 5/5 levels left

rFire    . . .     SeeInvis .   p - +1 whip (drain)
rCold    . . .     Gourm    .   (no shield)
rNeg     . . .     Faith    .   b - +0 robe
rPois    .         Spirit   .   c - +0 hat
rElec    .         Reflect  .   (no cloak)
rCorr    .         Harm     .   (gloves unavailable)
MR       .....                  (boots unavailable)
Stlth    +.........             (no amulet)
HPRegen  0.21/turn              (no ring)
MPRegen  0.10/turn              (no ring)

@: no status effects
A: large, unfitting armour, tough skin 1
a: no special abilities


You were on level 4 of the Dungeon.
You were very hungry.

You visited 1 branch of the dungeon, and saw 4 of its levels.

You collected 138 gold pieces.

Inventory:

Hand Weapons
 a - a +0 flail
 p - a +1 whip of draining (weapon)
Missiles
 d - 3 throwing nets (quivered)
Armour
 b - a +0 robe (worn)
 c - a +0 hat (worn)
Jewellery
 g - an uncursed ring of ice {unknown}
Scrolls
 e - 2 scrolls of random uselessness {unknown}
 i - a scroll of remove curse {unknown}
 l - 2 scrolls of teleportation {unknown}
 n - a scroll of enchant armour {unknown}
 q - a scroll of enchant weapon {unknown}
 s - a scroll of immolation {unknown}
 t - a scroll of fog {unknown}
 u - a scroll of blinking {unknown}
 v - a scroll of magic mapping {unknown}
Potions
 h - a potion of berserk rage {unknown}
 j - a potion of invisibility {unknown}
 m - a potion of curing
 o - a potion of lignification {unknown}
 r - a potion of brilliance {unknown}
Comestibles
 f - 5 rations


   Skills:
 + Level 6.4 Fighting
 + Level 4.8 Maces & Flails
 - Level 2.0 Throwing
 - Level 2.6 Dodging


You had 5 spell levels left.
You didn't know any spells.
Your spell library was empty.

Dungeon Overview and Level Annotations

Branches:
Dungeon (4/15)
 Temple: D:4-7

Altars:
Zin

Shops:
D:3 *

Annotations:
D:3 lurker's ghost, weakling DDEE
D:4 Dowan


Innate Abilities, Weirdness & Mutations

You are too large for most types of armour.
You have tough skin. (AC +1)


Message History

The ogre is heavily wounded.
Dowan hits you with a dagger. The ogre hits you with a giant club!
* * * LOW HITPOINT WARNING * * *
You miss Dowan.
Dowan is moderately wounded.
Dowan barely misses you. x2
You miss Dowan.
Dowan is moderately wounded.
The ogre barely misses you. Dowan casts a spell at you.
The stone arrow hits you!
* * * LOW HITPOINT WARNING * * *
Unknown command.
It was a potion of curing.
You feel better. Dowan hits you but does no damage. The ogre barely misses you.
It was a potion of magic.
Magic courses through your body. Dowan hits you but does no damage.
Dowan casts a spell at you. The stone arrow hits you!
You die...

#............#..# #.#
######..........# #.#
#..#####.#)#######<#
#....<..###........##
#.######.#.######...#
#.# ##.## #.#.# #.#
#.# #...# #.# #e#
#..## #.# #@# #..#
#.# #O# ..<# ##.##
#.# .....
#...######.####.....#
#..(.........O...#
#...########.#####
##### #e# #.. ####


You could see an ogre and Dowan.

Vanquished Creatures
  Duvessa (D:4)
  An ogre (D:4)
  A centaur skeleton (D:4)
  A gnoll (D:1)
  2 adders
  A worm (D:2)
  3 dart slugs
  An orc (D:4)
  6 giant cockroaches
  6 goblins
  11 hobgoblins
  3 jackals (D:2)
  6 bats
  3 frilled lizards
  5 kobolds
  13 rats
64 creatures vanquished.

Vanquished Creatures (others)
  A fungus (D:3)
  2 plants (D:3)
3 creatures vanquished.

Grand Total: 67 creatures vanquished

Notes
Turn   | Place    | Note
-------+----------+-------------------------------------------
     0 | D:1      | inc the Ogre Gladiator began the quest for the Orb.
     0 | D:1      | Reached XP level 1. HP: 22/22 MP: 1/1
   121 | D:1      | Reached skill level 3 in Fighting
   180 | D:1      | Reached XP level 2. HP: 21/31 MP: 2/2
   505 | D:1      | You fall through a shaft!
   715 | D:1      | Reached XP level 3. HP: 37/39 MP: 3/3
  1017 | D:2      | Reached skill level 4 in Fighting
  1471 | D:2      | Reached XP level 4. HP: 40/49 MP: 4/4
  1870 | D:3      | Found Zin's Purification Station.
  1873 | D:3      | Found a glowing silver altar of Zin.
  1997 | D:3      | Found a runed gate.
  1997 | D:3      | Noticed a big kobold
  1998 | D:3      | Noticed lurker's ghost (weakling DDEE)
  2001 | D:3      | Found a runed gate.
  2003 | D:3      | Found a runed gate.
  2277 | D:4      | Noticed an ogre
  2282 | D:4      | Killed an ogre
  2282 | D:4      | Reached skill level 5 in Fighting
  2282 | D:4      | Reached XP level 5. HP: 58/58 MP: 5/5
  2434 | D:4      | Noticed Duvessa
  2434 | D:4      | Noticed Dowan
  2435 | D:4      | Noticed an ogre
  2456 | D:4      | Killed Duvessa
  2456 | D:4      | Reached skill level 6 in Fighting
  2456 | D:4      | Reached XP level 6. HP: 39/68 MP: 6/6
  2460 | D:4      | HP: 3/68 [Dowan/stone arrow (14)]
  2462 | D:4      | Killed from afar by Dowan

Vault maps used:
D:1:      zelgadis_glass_arrival_small
D:2:      grunt_ministairs_12
D:3:      zin_purify, first_ration, gammafunk_ghost_nasty_kobolds
D:4:      grunt_qazlal_clouds, minmay_overflow_temple_star_hex, uniq_duvessa

Skill      XL: |  1  2  3  4  5 |
---------------+----------------+-----
Fighting       | 3 4 5 6 |  6.4
Maces & Flails | 3 4 |  4.8
Throwing       | |  2.0
Dodging        | |  2.6

Action                   |  1- 3 |  4- 6 || total
-------------------------+-------+-------++-------
Melee: Flail             |    99 |       ||    99
       Whip              |    23 |    98 ||   121
  Use: Potion            |       |     2 ||     2
 Stab: Sleeping          |       |     2 ||     2
  Eat: Chunk             |     1 |     3 ||     4
Armor: Robe              |    40 |    19 ||    59
Dodge: Dodged            |    60 |    50 ||   110

Table legend:
 A = Spawn XP
 B = Non-spawn XP
 C = Spawn XP percentage of total XP
 D = Spawn monster count
 E = Non-spawn monster count
 F = Spawn count percentage of total count
 G = Total turns spent on level
                    A         B        C        D         E        F      G
               +---------+---------+-------+---------+---------+-------+---------
         Total |       0 |     445 |   0.0 |       0 |      64 |   0.0 |  2462
               +---------+---------+-------+---------+---------+-------+---------
           D:1 |       0 |      42 |   0.0 |       0 |      17 |   0.0 |   896
           D:2 |       0 |      58 |   0.0 |       0 |      28 |   0.0 |   874
           D:3 |       0 |      37 |   0.0 |       0 |      14 |   0.0 |   499
           D:4 |       0 |     308 |   0.0 |       0 |       5 |   0.0 |   193
               +---------+---------+-------+---------+---------+-------+---------
